 Dungeon Sprint DCSS version 0.26-a0-971-g1d9d62bb61 (webtiles) character file.

Game seed: 11318528223912767051

50111 mhtbhm the Hoplite (level 14, 0/223 HPs)
             Began as a Minotaur Fighter on Dec 5, 2020.
             Was the Champion of Makhleb.
             Killed by divine providence
             ... invoked by a royal mummy
              (11 damage)
             ... in the Dungeon (Sprint V: "Ziggurat Sprint").
             The game lasted 00:15:53 (1840 turns).

mhtbhm the Hoplite (Minotaur Fighter)               Turns: 1840, Time: 00:15:54

Health: 0/223      AC: 38    Str: 35    XL:     14   Next: 18%
Magic:  0/23       EV:  3    Int: 12    God:    Makhleb [******]
Gold:   0          SH: 36    Dex: 10    Spells: 13/13 levels left

rFire    + + +     SeeInvis .   a - +6 shillelagh "Devastator" {shatter}
rCold    + . .     Faith    .   c - +18 shield of the Gong {rElec rN+ MR+ EV-5}
rNeg     + . .     Spirit   +   b - +9 gold dragon scales
rPois    +         Reflect  .   (helmet restricted)
rElec    +         Harm     .   S - +0 cloak {MR+}
rCorr    .         Rampage  .   G - +1 pair of gloves {Str+3}
MR       +++..     NoTele   +   (no boots)
Stlth    ..........             M - amulet of Mutualism {Spirit rPois rF++ Int+3}
HPRegen  0.47/turn              C - +6 ring of strength
MPRegen  0.18/turn              k - ring of the Three Ships {Int+4 Slay+4}

@: mighty, berserking, studying 2 skills, very quick
A: retaliatory headbutt, horns 2, blurry vision 1, screaming 1
a: Minor Destruction, Lesser Servant of Makhleb, Major Destruction, Greater
Servant of Makhleb, Renounce Religion


You were in the Dungeon.
You worshipped Makhleb.
Makhleb was exalted by your worship.
You visited 1 branch

Inventory:

Hand Weapons
 a - the +6 shillelagh "Devastator" (weapon) {shatter}
   (You found it in the Dungeon)
Missiles
 K - 6 curare-tipped darts
Armour
 b - +9 gold dragon scales (worn)
 c - the +18 shield of the Gong (worn) {rElec rN+ MR+ EV-5}
   (You found it in the Dungeon)

   It affects your evasion (-5).
   It insulates you from electricity.
   It protects you from negative energy.
   It affects your resistance to hostile enchantments.
 E - the +15 Maxwell's patent armour {-Cast -Tele rElec MR+ rCorr}
   (You found it in the Dungeon)

   It insulates you from electricity.
   It affects your resistance to hostile enchantments.
   It prevents spellcasting.
   It prevents most forms of teleportation.
   It provides partial protection from all sources of acid and corrosion.
 G - a +1 pair of gloves of strength (worn)
 S - a +0 cloak of magic resistance (worn)
Jewellery
 k - the ring of the Three Ships (right hand) {Int+4 Slay+4}
   (You found it in the Dungeon)

   [ring of slaying]

   It affects your intelligence (+4).
   It affects your accuracy and damage with ranged weapons and melee attacks
   (+4).
 y - the ring of Polytheism {rC++ Stlth+}
   (You found it in the Dungeon)

   [ring of stealth]

   It greatly protects you from cold.
   It makes you more stealthy.
 C - a +6 ring of strength (left hand)
 D - an uncursed ring of resist corrosion
 H - an uncursed ring of positive energy
 I - an uncursed ring of poison resistance
 M - the amulet of Mutualism (around neck) {Spirit rPois rF++ Int+3}
   (You acquired it in the Dungeon)

   [amulet of guardian spirit]

   It causes incoming damage to be split between your health and magic.
   It affects your intelligence (+3).
   It greatly protects you from fire.
   It protects you from poison.
 O - the ring "Amuwu" {rElec rPois MR+ Dex+6}
   (You found it in the Dungeon)

   [ring of protection from magic]

   It affects your dexterity (+6).
   It insulates you from electricity.
   It protects you from poison.
   It affects your resistance to hostile enchantments.
 P - the ring of Woiso {rPois Str+4}
   (You found it in the Dungeon)

   [ring of poison resistance]

   It affects your strength (+4).
   It protects you from poison.
Wands
 u - a wand of disintegration (7)
 v - a wand of iceblast (7)
 w - a wand of acid (6)
Scrolls
 j - 4 scrolls of blinking
 l - 6 scrolls of fog
 m - a scroll of holy word
 n - 5 scrolls of identify
 o - 5 scrolls of remove curse
 p - 2 scrolls of fear
 x - 3 scrolls of brand weapon
 B - 4 scrolls of enchant weapon
Potions
 d - 5 potions of might
 e - 8 potions of curing
 g - 6 potions of haste
 h - 7 potions of magic
 i - a potion of berserk rage
 r - 2 potions of invisibility
 s - 4 potions of resistance
 t - a potion of experience
Books
 q - a manual of Hexes
 J - a manual of Long Blades
 L - a manual of Long Blades
Miscellaneous
 z - a phantom mirror
 A - a tin of tremorstones (2/2)
 F - a condenser vane


   Skills:
 + Level 20.5 Fighting
 - Level 15.2 Maces & Flails
 + Level 22.0 Armour
 - Level 2.8 Stealth
 - Level 23.9 Shields
 * Level 13.9 Invocations
 - Level 3.1 Evocations


You had 13 spell levels left.
You didn't know any spells.
Your spell library contained the following spells:

 Spells                   Type           Power        Failure   Level
 Animate Skeleton         Necr           #.....       90%         1
 Apportation              Tloc           #.....       90%         1
 Corona                   Hex            #......      90%         1
 Foxfire                  Conj/Fire      #...         90%         1
 Freeze                   Ice            #...         90%         1
 Magic Dart               Conj           #...         90%         1
 Shock                    Conj/Air       #...         90%         1
 Summon Small Mammal      Summ           #...         90%         1
 Blink                    Tloc           N/A          97%         2
 Corpse Rot               Necr/Air       N/A          97%         2
 Ensorcelled Hibernation  Hex/Ice        #.....       97%         2
 Poisonous Vapours        Pois/Air       #.....       97%         2
 Searing Ray              Conj           #.....       97%         2
 Sublimation of Blood     Necr           #.........   97%         2
 Confusing Touch          Hex            #.......     99%         3
 Dazzling Flash           Conj/Hex       #.....       99%         3
 Frozen Ramparts          Ice            #.....       99%         3
 Gell's Gravitas          Tloc           #.........   99%         3
 Ignite Poison            Fire/Tmut/Pois #.......     99%         3
 Lesser Beckoning         Tloc           #.........   99%         3
 Summon Guardian Golem    Hex/Summ       #.......     99%         3
 Tukima's Dance           Hex            #.......     99%         3
 Animate Dead             Necr           #.........   100%        4
 Cause Fear               Hex            #.........   100%        4
 Dispel Undead            Necr           #.......     100%        4
 Fulminant Prism          Conj/Hex       #.........   100%        4
 Ice Form                 Ice/Tmut       #.......     100%        4
 Iskenderun's Mystic Bla  Conj/Tloc      #.......     100%        4
 Leda's Liquefaction      Hex/Erth       #.........   100%        4
 Petrify                  Tmut/Erth      #.......     100%        4
 Sticky Flame             Conj/Fire      #.......     100%        4
 Summon Ice Beast         Ice/Summ       #.......     100%        4
 Summon Lightning Spire   Summ/Air       #.......     100%        4
 Agony                    Necr           #.......     100%        5
 Alistair's Intoxication  Tmut/Pois      #........    100%        5
 Bolt of Magma            Conj/Fire/Erth #.........   100%        5
 Borgnjor's Vile Clutch   Necr/Erth      #.........   100%        5
 Excruciating Wounds      Necr           #.........   100%        5
 Irradiate                Conj/Tmut      #.........   100%        5
 Iskenderun's Battlesphe  Conj           #.......     100%        5
 Metabolic Englaciation   Hex/Ice        #.........   100%        5
 Silence                  Hex/Air        #.........   100%        5
 Yara's Violent Unravell  Hex/Tmut       #.........   100%        5
 Conjure Ball Lightning   Conj/Air       #.........   100%        6
 Death Channel            Necr           #.........   100%        6
 Eringya's Noxious Bog    Tmut/Pois      #.........   100%        6
 Freezing Cloud           Conj/Ice/Air   #.........   100%        6
 Invisibility             Hex            #.......     100%        6
 Iron Shot                Conj/Erth      #.........   100%        6
 Ozocubu's Refrigeration  Ice            #.........   100%        6
 Simulacrum               Ice/Necr       #.........   100%        6
 Statue Form              Tmut/Erth      #........    100%        6
 Orb of Destruction       Conj           #.........   100%        7
 Spellforged Servitor     Conj/Summ      #.........   100%        7
 Summon Hydra             Summ           #.........   100%        7
 Discord                  Hex            #.........   100%        8
 Disjunction              Tloc           #.........   100%        8
 Ignition                 Fire           #.........   100%        8
 Shatter                  Erth           #.........   100%        9
 Tornado                  Air            #.........   100%        9


Dungeon Overview and Level Annotations

Branches:
Dungeon (1/1)

Altars:
Ashenzari
Cheibriados
Dithmenos
Elyvilon
Fedhas
Gozag
Hepliaklqana
Kikubaaqudgha
Makhleb
Nemelex Xobeh
Okawaru
Qazlal
Ru
Sif Muna
Trog
Uskayaw
Vehumet
Wu Jian
Xom
Yredelemnul
Zin
The Shining One
Beogh
Jiyva
Lugonu


Innate Abilities, Weirdness & Mutations

You reflexively headbutt those who attack you in melee.
You have a pair of horns on your head.
Scrolls take you a little longer to read.
You occasionally shout uncontrollably at your foes.


Message History

PANG!
You block the emperor scorpion's attack.
GONNNNG!
The emperor scorpion claws you but does no damage.
The ushabti shakes and rattles.
The vile air hits the death scarab.
The vile air hits the guardian mummy but does no damage.
The vile air hits you but does no damage.
The vile air hits the emperor scorpion but does no damage.
The vile air hits the freezing wraith but does no damage.
The wight hits you but does no damage.
The emperor scorpion is engulfed in dark miasma.
The emperor scorpion seems to slow down.
The emperor scorpion stings you but does no damage.
The emperor scorpion claws you but does no damage.
You block the emperor scorpion's attack.
PANG!
The royal mummy gestures at you while chanting.
Something smites you!
You die...

......=MM......▓.....†.
▓...............▓......†
▓...............▓.....†.
▓...............▓..▓....
▓...............▓.▓▓▓...
▓.....W8sM......▓..▓....
....zMBs8§.....▓.......
...▓{MMssM.▓...▓......©
. ▓▓M@MMs▓▓ .▓▓▓▓▓▓▓▓
...▓zssssM§▓...▓.....8©
....MMWsWB.....▓.)))).|
▓...○..○©.......▓..[}}|=
▓▓▓▓▓▓▓▓▓▓▓▓▓▓▓▓▓.......
▓....... ▓.......
▓....... ▓.......


You could see 3 royal mummies, 9 emperor scorpions, a guardian mummy, 2
ushabtiu, 2 freezing wraiths, 2 death scarabs, a shadow (summoned), 6 mummies
and 2 wights.

Vanquished Creatures
  Nikola (D)
  Rupert (D)
  A ghost moth (D)
  2 emperor scorpions (D)
  Aizul (D)
  A ghoul (D)
  Nessos (D)
  A spark wasp (D)
  A bunyip (shapeshifter) (D)
  Snorg (D)
  Josephine (D)
  A blizzard demon (D)
  A naga warrior (D)
  An anaconda (D)
  4 hydras (D)
  2 two-headed ogres (shapeshifter) (D)
  A dancing weapon (D)
  A death scarab (D)
  A hell hog (D)
  Sonja (D)
  A deep elf knight (D)
  A sun demon (D)
  A fire crab (shapeshifter) (D)
  A sea snake (shapeshifter) (D)
  An orb spider (D)
  A deep elf mage (D)
  6 ugly things (D)
  A mana viper (shapeshifter) (D)
  8 wolf spiders (D)
  An orc sorcerer (D)
  A shining eye (D)
  A moth of wrath (D)
  A moth of wrath (shapeshifter) (D)
  A cyclops (shapeshifter) (D)
  7 black mambas (D)
  A guardian serpent (shapeshifter) (D)
  6 guardian serpents (D)
  4 naga magi (D)
  3 cane toads (D)
  A torpor snail (D)
  3 komodo dragons (D)
  3 demonic crawlers (D)
  2 guardian mummies (D)
  3 merfolk (D)
  6 jumping spiders (D)
  A polar bear (D)
  A polar bear (shapeshifter) (D)
  2 raiju (D)
  3 hornets (D)
  An air elemental (D)
  Sigmund (D)
  2 tarantellas (D)
  A water elemental (D)
  2 flying skulls (D)
  A redback (D)
  2 yaks (D)
  A tarantella (shapeshifter) (D)
  2 basilisks (D)
  A chaos spawn (D)
  2 basilisks (shapeshifter) (D)
  2 large abominations (D)
  5 nagas (D)
  5 water moccasins (D)
  Duvessa (D)
  A phantom (D)
  An ice beast (shapeshifter) (D)
  A sky beast (D)
  A necrophage (D)
  A boggart (shapeshifter) (D)
  3 wolves (D)
  2 small abominations (D)
  Blork the orc (D)
  3 bullfrogs (D)
  Dowan (D)
  5 crimson imps (D)
  3 starcursed masses (D)
  4 quasits (D)
  A jelly (D)
  3 iron imps (D)
  Jessica (D)
  2 iguanas (D)
  4 mummies (D)
  7 adders (D)
  4 shadow imps (D)
  3 white imps (D)
  An ufetubus (D)
  2 adder zombies (D)
  An adder skeleton (D)
  2 spectral bats (D)
  2 bat skeletons (D)
  A bat zombie (D)
  A jackal (D)
  7 ball pythons (D)
  A giant cockroach zombie (D)
  A jackal skeleton (D)
  A leopard gecko zombie (D)
  A spectral quokka (D)
199 creatures vanquished.

Vanquished Creatures (collateral kills)
  A death scarab (D)
  An adder zombie (D)
  A jackal simulacrum (D)
3 creatures vanquished.

Vanquished Creatures (others)
  A dancing weapon (D)
  A flying skull (D)
  Grum (D)
3 creatures vanquished.

Grand Total: 205 creatures vanquished

Notes
Turn   | Place    | Note
-------+----------+-------------------------------------------
     0 | D        | mhtbhm the Minotaur Fighter began the quest for the Orb.
     0 | D        | Reached XP level 1. HP: 19/19 MP: 0/0
     1 | D        | Banished a spatial maelstrom
    14 | D        | Found a blossoming altar of Fedhas.
    15 | D        | Found the +6 Majin-Bo {vamp, MP+6 Int+6}
    15 | D        | Found the +9 heavy crossbow "Sniper" {vorpal, Acc+∞ SInv}
    15 | D        | Found the +10 dark maul {vorpal}
    15 | D        | Found the +15 Maxwell's patent armour {-Cast -Tele rElec
                  | MR+ rCorr}
    15 | D        | Found the +18 shield of the Gong {rElec rN+ MR+ EV-5}
    15 | D        | Found the cursed +14 obsidian axe {vorpal, +Fly SInv
                  | *Curse}
    15 | D        | Found the +7 great mace "Firestarter" {inner flame, rF++}
    15 | D        | Found the +6 shillelagh "Devastator" {shatter}
    15 | D        | Found the +11 plutonium sword {*Contam Stlth-}
    15 | D        | Found the +8 lance "Wyrmbane" {slay drac, rPois rF+ rC+
                  | AC+3}
    15 | D        | Found the +9 sword of Zonguldrok {reap}
    15 | D        | Found the cursed +13 scythe of Curses {drain, *Curse}
    15 | D        | Found the +0 sword of Power
    15 | D        | Found the +7 mace of Variability {chain chaos}
    15 | D        | Found the +7 Singing Sword {vorpal, sonic wave}
    15 | D        | Found the +8 storm bow {elec, penet}
    15 | D        | Found a viscous altar of Jiyva.
    15 | D        | Found a hazy altar of Hepliaklqana.
    15 | D        | Found a transporter.
    15 | D        | Found an opulent altar of Gozag.
    15 | D        | Found an ancient bone altar of Kikubaaqudgha.
    15 | D        | Found a corrupted altar of Lugonu.
    17 | D        | Found a burning altar of Makhleb.
    18 | D        | Found a sacrificial altar of Ru.
    18 | D        | Found a shimmering blue altar of Sif Muna.
    18 | D        | Found a stormy altar of Qazlal.
    18 | D        | Found a bloodstained altar of Trog.
    18 | D        | Found an iron altar of Okawaru.
    18 | D        | Found a sparkling altar of Nemelex Xobeh.
    22 | D        | Banished a spatial maelstrom
    77 | D        | Became a worshipper of Makhleb the Destroyer
    86 | D        | Entered arena 2.
    86 | D        | Noticed a yak
    86 | D        | Noticed a wolf
    86 | D        | Found a transporter.
    88 | D        | Killed a wolf
    89 | D        | Reached skill level 6 in Shields
    89 | D        | Reached XP level 2. HP: 31/31 MP: 1/1
    89 | D        | Reached XP level 3. HP: 38/38 MP: 2/2
    89 | D        | Reached XP level 4. HP: 45/45 MP: 3/3
    90 | D        | Killed a yak
    91 | D        | Reached skill level 8 in Shields
    91 | D        | Reached XP level 5. HP: 56/56 MP: 4/4
   196 | D        | Entered arena 3.
   196 | D        | Noticed a merfolk
   196 | D        | Noticed a merfolk
   196 | D        | Noticed a merfolk
   196 | D        | Found a transporter.
   197 | D        | Identified the cursed +1 scimitar of the Ageing Shrike
                  | {speed, rPois}
   197 | D        | Identified the +7 mace "Gezxamit" {pain, *Rage rF++ rN+
                  | Dex+4}
   203 | D        | Killed a merfolk
   203 | D        | Reached * piety under Makhleb
   204 | D        | Reached skill level 10 in Fighting
   204 | D        | Reached skill level 5 in Maces & Flails
   204 | D        | Reached skill level 10 in Armour
   204 | D        | Reached skill level 10 in Shields
   204 | D        | Reached XP level 6. HP: 67/67 MP: 5/5
   204 | D        | Killed a merfolk
   205 | D        | Reached skill level 11 in Shields
   205 | D        | Reached XP level 7. HP: 74/74 MP: 6/6
   206 | D        | Killed a merfolk
   215 | D        | Got the ring of the Jester {Fire Int-5 Dex+4}
   219 | D        | Entered arena 4.
   219 | D        | Noticed a red ugly thing
   219 | D        | Noticed a white ugly thing
   219 | D        | Noticed a cyan ugly thing
   219 | D        | Found a transporter.
   221 | D        | Reached ** piety under Makhleb
   222 | D        | Killed a white ugly thing
   223 | D        | Reached skill level 12 in Shields
   223 | D        | Reached XP level 8. HP: 85/85 MP: 7/7
   231 | D        | Killed a white ugly thing
   232 | D        | Reached skill level 13 in Shields
   234 | D        | Killed a white ugly thing
   234 | D        | Reached *** piety under Makhleb
   235 | D        | Reached XP level 9. HP: 93/93 MP: 8/8
   237 | D        | Got the ring of the Three Ships {Int+4 Slay+4}
   346 | D        | Entered arena 5.
   346 | D        | Found a transporter.
   351 | D        | Reached skill level 14 in Shields
   355 | D        | Reached **** piety under Makhleb
   373 | D        | Got Guec's Disquisition on the Blaze and the Traveller
   376 | D        | Entered arena 6.
   376 | D        | Found a transporter.
   377 | D        | Identified the cursed +1 short sword of Amortisation
                  | {vorpal, Dex+7}
   394 | D        | Got the Almanac of Twisted Contamination
   416 | D        | Entered arena 7.
   417 | D        | Found a transporter.
   420 | D        | Reached ***** piety under Makhleb
   434 | D        | Got the ring of Polytheism {rC++ Stlth+}
   442 | D        | Entered arena 8.
   442 | D        | Noticed a naga mage
   442 | D        | Noticed a black mamba
   442 | D        | Noticed a black mamba
   443 | D        | Found a transporter.
   447 | D        | Killed a black mamba
   448 | D        | Reached skill level 15 in Shields
   448 | D        | Killed a black mamba
   448 | D        | Reached ****** piety under Makhleb
   449 | D        | Reached skill level 10 in Maces & Flails
   449 | D        | Killed a naga mage
   450 | D        | Reached XP level 10. HP: 104/104 MP: 9/9
   461 | D        | Entered arena 9.
   461 | D        | Noticed a +0 dire flail of distortion
   461 | D        | Noticed an orc sorcerer
   461 | D        | Noticed a deep elf knight
   461 | D        | Noticed a deep elf mage
   461 | D        | Noticed a +0 short sword of venom
   462 | D        | Found a transporter.
   464 | D        | Killed a +0 short sword of venom
   465 | D        | Killed an orc sorcerer
   466 | D        | Reached skill level 16 in Shields
   467 | D        | Killed a deep elf mage
   467 | D        | Killed a deep elf knight
   483 | D        | Killed a +0 dire flail of distortion
   761 | D        | Entered arena 10.
   762 | D        | Found a transporter.
   774 | D        | Reached skill level 15 in Fighting
   774 | D        | Reached skill level 17 in Shields
   783 | D        | Entered arena 11.
   783 | D        | Noticed a black mamba
   784 | D        | Found a transporter.
   785 | D        | Killed a black mamba
   880 | D        | Entered arena 12.
   881 | D        | Noticed a ghoul
   883 | D        | Found a transporter.
   895 | D        | Killed a ghoul
   896 | D        | Reached skill level 15 in Armour
   896 | D        | Reached skill level 18 in Shields
   900 | D        | Got the +3 pair of gloves "Muigon" {Harm MR+ Dex-3}
   913 | D        | Got the Incunabulum of the Frostbite
   951 | D        | Entered arena 13.
   951 | D        | Noticed a guardian serpent
   951 | D        | Noticed a guardian serpent
   951 | D        | Noticed a black mamba
   951 | D        | Noticed a guardian serpent
   951 | D        | Noticed a guardian serpent
   952 | D        | Noticed a guardian serpent
   952 | D        | Noticed a naga mage
   968 | D        | Killed a black mamba
   968 | D        | Killed a guardian serpent
   968 | D        | Killed a guardian serpent
   969 | D        | Reached skill level 19 in Shields
   969 | D        | Reached XP level 11. HP: 85/113 MP: 10/10
  1003 | D        | Found a transporter.
  1037 | D        | Entered arena 14.
  1038 | D        | Noticed an anaconda
  1039 | D        | Noticed a naga warrior
  1040 | D        | Found a transporter.
  1044 | D        | Killed an anaconda
  1047 | D        | Reached skill level 20 in Shields
  1077 | D        | Killed a naga warrior
  1105 | D        | Got Fotonesi's Guide on Intoxication and Black Arts
  1121 | D        | Entered arena 15.
  1122 | D        | Noticed Jessica
  1122 | D        | Noticed Rupert
  1122 | D        | Noticed Snorg
  1122 | D        | Noticed Grum
  1122 | D        | Noticed Aizul
  1122 | D        | Noticed Nikola
  1122 | D        | Noticed Sonja
  1122 | D        | Noticed Sigmund
  1122 | D        | Noticed Josephine
  1122 | D        | Killed Grum
  1123 | D        | Found the +10 Black Knight's barding {ponderous, rPois rN+}
  1123 | D        | Noticed Blork the orc
  1123 | D        | Noticed Duvessa
  1123 | D        | Noticed Dowan
  1123 | D        | Noticed Nessos
  1126 | D        | Killed Jessica
  1128 | D        | Killed Dowan
  1135 | D        | Killed Sigmund
  1136 | D        | Killed Aizul
  1136 | D        | Killed Duvessa
  1137 | D        | Reached skill level 21 in Shields
  1137 | D        | Reached skill level 1 in Evocations
  1137 | D        | Killed Rupert
  1137 | D        | Killed Blork the orc
  1138 | D        | Reached XP level 12. HP: 122/122 MP: 11/11
  1138 | D        | Found a transporter.
  1140 | D        | Killed Josephine
  1141 | D        | Reached skill level 22 in Shields
  1141 | D        | Killed Nikola
  1142 | D        | Reached skill level 1 in Stealth
  1148 | D        | Killed Sonja
  1152 | D        | Killed Snorg
  1153 | D        | Reached skill level 23 in Shields
  1155 | D        | Killed Nessos
  1188 | D        | Got the Handbook of Snow and Confrontation
  1203 | D        | Got Kufan's Papyrus of Fire and Dark Rituals
  1238 | D        | Entered arena 16.
  1239 | D        | Noticed an emperor scorpion
  1239 | D        | Noticed an emperor scorpion
  1239 | D        | Noticed a spark wasp
  1246 | D        | Reached skill level 15 in Maces & Flails
  1264 | D        | Killed a spark wasp
  1275 | D        | Killed an emperor scorpion
  1276 | D        | Killed an emperor scorpion
  1277 | D        | Reached XP level 13. HP: 76/132 MP: 0/15
  1281 | D        | Killed a ghost moth
  1282 | D        | Reached skill level 5 in Invocations
  1286 | D        | Found a transporter.
  1366 | D        | Entered arena 17.
  1378 | D        | Found a transporter.
  1417 | D        | Entered arena 18.
  1426 | D        | Reached skill level 10 in Invocations
  1428 | D        | Found a transporter.
  1428 | D        | Noticed a bunyip
  1428 | D        | a queen ant changed into a bunyip
  1437 | D        | Gained mutation: You occasionally shout uncontrollably at
                  | your foes. [a shining eye]
  1439 | D        | Killed a bunyip
  1439 | D        | Gained mutation: Scrolls take you a little longer to read.
                  | [a shining eye]
  1469 | D        | Got the ring of Woiso {rPois Str+4}
  1474 | D        | Got the ring "Amuwu" {rElec rPois MR+ Dex+6}
  1490 | D        | Entered arena 19.
  1493 | D        | Acquired the amulet of Mutualism {Spirit rPois rF++ Int+3}
  1509 | D        | Noticed a blizzard demon
  1509 | D        | Noticed a starcursed mass
  1510 | D        | Identified the +5 robe of Hairy Liberty {MR- Dex+5 SInv}
  1514 | D        | Found a transporter.
  1525 | D        | Killed a blizzard demon
  1613 | D        | Entered arena 20.
  1619 | D        | Found the +8 whip "Snakebite" {curare, rPois}
  1622 | D        | Reached XP level 14. HP: 147/147 MP: 22/22
  1629 | D        | Found a transporter.
  1778 | D        | Got the Disquisition on Glacial Stones
  1780 | D        | Got the Papyrus of Spatial Slavery
  1805 | D        | Entered arena 21.
  1809 | D        | Noticed a royal mummy
  1809 | D        | Noticed a royal mummy
  1810 | D        | Noticed a royal mummy
  1818 | D        | Noticed an emperor scorpion
  1820 | D        | Noticed an emperor scorpion
  1827 | D        | Noticed an emperor scorpion
  1830 | D        | Identified the +4 hand axe "Haorghylybb" {flame, rElec
                  | Dex+3}
  1830 | D        | Identified the ring "Nacvov" {rF+ MR+ Dex+2}
  1833 | D        | Noticed an emperor scorpion
  1833 | D        | Noticed an emperor scorpion
  1833 | D        | Noticed an emperor scorpion
  1835 | D        | Noticed an emperor scorpion
  1838 | D        | Noticed an emperor scorpion
  1838 | D        | Noticed an emperor scorpion
  1838 | D        | Noticed an emperor scorpion
  1838 | D        | Noticed an emperor scorpion
  1839 | D        | HP: 7/149 [royal mummy/+2 spear of flaming (3)]
  1840 | D        | Killed from afar by a royal mummy

Illustrated notes

Levels and vault maps discovered:
D:        sprint_v [room_start, room_1, room_2, room_3, room_4, room_5, room_6,
          room_7, room_8, room_9, room_10, room_11, room_12, room_13, room_14,
          room_15, room_16, room_17, room_18, room_19, room_20, room_21,
          room_22, room_23, room_24, room_25, room_26, room_27]

Skill      XL: |  1  2  3  4  5  6  7  8  9 10 11 12 13 14 |
---------------+-------------------------------------------+-----
Fighting       | 6 8 10 11 12 13 14 15 16 17 20 | 20.5
Maces & Flails | 3 4 5 6 7 8 10 12 13 15 | 15.2
Armour         | 6 8 10 12 13 14 15 17 18 21 22 | 22.0
Shields        | 6 8 10 11 12 13 15 19 21 23 | 23.9
Evocations     | 1 3 |  3.1
Stealth        | 2 |  2.8
Invocations    | 4 13 | 13.9

Action                   |  1- 3 |  4- 6 |  7- 9 | 10-12 | 13-15 || total
-------------------------+-------+-------+-------+-------+-------++-------
Melee: Shillelagh        |     1 |     8 |    39 |   132 |    58 ||   238
       Headbutt          |       |     5 |    13 |    33 |    21 ||    72
Invok: Greater Servant o |       |       |       |       |     2 ||     2
Evoke: Wand              |     1 |       |       |       |       ||     1
       Condenser vane    |       |       |       |     4 |     4 ||     8
       Tin of tremorston |       |       |       |     5 |     9 ||    14
  Use: Potion            |       |       |       |     5 |    10 ||    15
       Scroll            |       |       |       |       |     6 ||     6
 Stab: Confused          |       |       |       |     3 |     2 ||     5
Armor: Gold dragon scale |       |     1 |    10 |   140 |    97 ||   248
Dodge: Dodged            |       |       |       |     4 |     9 ||    13
Block: Kite shield       |     3 |    14 |    49 |   318 |   165 ||   549
       Reflection        |       |       |       |     7 |       ||     7

Table legend: (Time is in decaauts)
 A = Elapsed time spent in this place.
 B = Non-inter-level travel time spent in this place.
 C = Inter-level travel time spent in this place.
 D = Time resting spent in this place.
 E = Time spent auto-exploring this place.
 F = Levels seen in this place.
 G = Mean time per level.
                   A        B        C        D        E       F      G
               +--------+--------+--------+--------+--------+-----+--------+
         Total |   1773 |   1773 |      0 |    812 |      0 |   1 | 1773.0 |
       Dungeon |   1773 |   1773 |      0 |    812 |      0 |   1 | 1773.0 |
               +--------+--------+--------+--------+--------+-----+--------+

Top non-repeatable levels by time:
       D: 1773 daAuts
